 Dungeon Crawl Stone Soup version 0.19.5 (webtiles) character file.

41295 equalderp2856 the Unseen (level 13, -2/55 HPs)
             Began as a Felid Fighter on Mar 7, 2017.
             Shot with an arrow by a deep elf archer (16 damage)
             ... on level 1 of the Elven Halls on Mar 8, 2017.
             The game lasted 04:30:24 (65012 turns).

equalderp2856 the Unseen (Felid Fighter)           Turns: 65012, Time: 04:30:24

Health: -2/55      AC:  3    Str: 13    XL:     13   Next: 79%
Magic:  0/46       EV: 27    Int: 13    God:
Gold:   2169       SH:  0    Dex: 18    Spells: 9 memorised, 14 levels left
                                        Lives:  0   Deaths: 2

rFire  . . .     SeeInvis +       - Unarmed
rCold  + . .     Gourm    .     (armour unavailable)
rNeg   . . .     Faith    .     (shield unavailable)
rPois  .         Spirit   +     (helmet unavailable)
rElec  .         Reflect  .     (cloak unavailable)
rCorr  .         Harm     .     (gloves unavailable)
MR     +....                    (boots unavailable)
Stlth  +++++++...               h - amulet of guardian spirit
                                o - ring of magical power
                                z - ring of magical power

@: studying Ice Magic, quick
A: no armour, no weapons or thrown items, stealth, claws 1, fangs 3, see
invisible, carnivore 3, speed 1, frail 1, shaggy fur 3, slow metabolism 1, sharp
paws
a: no special abilities


You were on level 1 of the Elven Halls.
You were not hungry.

You visited 6 branches of the dungeon, and saw 26 of its levels.
You also visited: Ice Cave and Volcano.

You collected 2515 gold pieces.
You spent 346 gold pieces at shops.

Inventory:

Missiles
 L - 59 arrows
Jewellery
 a - an uncursed ring of wizardry
 h - an amulet of guardian spirit (around neck)
 o - a ring of magical power (right paw)
 p - an uncursed ring of flight
 q - a +4 ring of slaying
 u - an uncursed ring of protection from magic
 z - a ring of magical power (left paw)
 A - an uncursed ring of resist corrosion
 C - an uncursed ring of ice
Wands
 e - a wand of flame (30/48)
 v - a wand of enslavement (8/24)
 w - a wand of lightning (5/15)
 x - a wand of heal wounds (9/9)
 y - a wand of lightning (7/15)
 B - a wand of acid (3/15)
 E - a wand of disintegration (1/24)
 F - a wand of confusion (33/48)
 J - a wand of slowing (22/48)
 U - a wand of confusion (18/48)
 X - a wand of slowing (16/48)
Scrolls
 d - 9 scrolls of teleportation
 i - a scroll of holy word
 j - 2 scrolls of fog
 n - 3 scrolls of identify
 t - 6 scrolls of remove curse
 O - 2 scrolls of magic mapping
 R - a scroll of fear
 V - a scroll of blinking
 W - 2 scrolls of amnesia
Potions
 c - 3 potions of agility
 g - 3 potions of ambrosia
 r - 6 potions of resistance
 s - 6 potions of brilliance
 I - 4 potions of heal wounds
 K - 2 potions of beneficial mutation
 P - 4 potions of might
 S - a potion of haste
 T - 4 potions of flight
 Z - 3 potions of curing
Books
 k - a manual of Ice Magic
 l - a book of Minor Magic

   Spells                             Type                      Level
   a - Magic Dart                     Conjuration                  1
   b - Blink                          Translocation                2
   c - Call Imp                       Summoning                    2
   d - Repel Missiles                 Charms/Air                   2
   e - Slow                           Hexes                        2
   f - Conjure Flame                  Conjuration/Fire             3
   g - Mephitic Cloud                 Conjuration/Poison/Air       3
 D - a book of Summonings

   Spells                             Type                      Level
   a - Recall                         Summoning/Translocation      3
   b - Aura of Abjuration             Summoning                    5
   c - Summon Demon                   Summoning                    5
   d - Summon Forest                  Summoning/Translocation      5
   e - Summon Mana Viper              Hexes/Summoning              5
   f - Shadow Creatures               Summoning                    6
 G - a book of Cantrips

   Spells                             Type                      Level
   a - Confusing Touch                Hexes                        1
   b - Animate Skeleton               Necromancy                   1
   c - Summon Small Mammal            Summoning                    1
   d - Apportation                    Translocation                1
 H - a book of Conjurations

   Spells                             Type                      Level
   a - Magic Dart                     Conjuration                  1
   b - Searing Ray                    Conjuration                  2
   c - Dazzling Spray                 Conjuration/Hexes            3
   d - Fulminant Prism                Conjuration/Hexes            4
   e - Iskenderun's Mystic Blast      Conjuration                  4
   f - Iskenderun's Battlesphere      Conjuration/Charms           5
 Q - a book of Misfortune

   Spells                             Type                      Level
   a - Confusing Touch                Hexes                        1
   b - Confuse                        Hexes                        3
   c - Gell's Gravitas                Hexes/Translocation          3
   d - Petrify                        Transmutation/Earth          4
   e - Metabolic Englaciation         Hexes/Ice                    5
   f - Yara's Violent Unravelling     Hexes/Transmutation          5
 Y - a book of Power

   Spells                             Type                      Level
   a - Fulminant Prism                Conjuration/Hexes            4
   b - Iskenderun's Mystic Blast      Conjuration                  4
   c - Venom Bolt                     Conjuration/Poison           5
   d - Bolt of Magma                  Conjuration/Fire/Earth       5
   e - Iron Shot                      Conjuration/Earth            6
   f - Orb of Destruction             Conjuration                  7
   g - Spellforged Servitor           Conjuration/Summoning        7
Comestibles
 b - 12 meat rations
 f - 14 bread rations
 m - 3 beef jerkies
 M - 18 fruits
 N - 13 royal jellies


   Skills:
 * Level 10.5 Fighting
 + Level 10.3 Dodging
 + Level 15.3 Stealth
 + Level 14.4 Unarmed Combat
 + Level 10.6 Spellcasting
 + Level 2.6 Conjurations
 + Level 13.6 Hexes
 + Level 1.4 Charms
 * Level 7.4 Summonings
 + Level 8.4 Translocations
 + Level 0.3 Air Magic
 + Level 0.2 Evocations


You had 14 spell levels left.
You knew the following spells:

 Your Spells              Type           Power        Failure   Level  Hunger
a - Magic Dart            Conj           ##..         4%          1    None
b - Call Imp              Summ           ####....     1%          2    None
c - Repel Missiles        Chrm/Air       #.....       12%         2    None
d - Blink                 Tloc           N/A          1%          2    None
e - Confusing Touch       Hex            #####.       1%          1    None
f - Summon Small Mammal   Summ           ####         1%          1    None
g - Slow                  Hex            #####...     1%          2    None
h - Confuse               Hex            #####...     1%          3    #......
i - Summon Mana Viper     Hex/Summ       ####....     4%          5    #####..


Dungeon Overview and Level Annotations

Branches:
Dungeon (15/15)            Temple (1/1) D:7            Lair (6/6) D:9
  Swamp (0/4) Lair:4       Spider (0/4) Lair:3        Slime (0/5) Lair:6
    Orc (2/2) D:11            Elf (1/3) Orc:2        Vaults (0/5) D:14
 Depths (1/5) D:15

Altars:
Ashenzari
Cheibriados
Dithmenos
Elyvilon
Fedhas
Gozag
Hepliaklqana
Kikubaaqudgha
Makhleb
Nemelex Xobeh
Okawaru
Qazlal
Ru
Sif Muna
Trog
Uskayaw
Vehumet
Xom
Yredelemnul
Zin
The Shining One

Shops:
D:6 !*[[   D:9 %   D:11 %   D:12 :   D:15 *   Orc:1 :?=   Orc:2 (*:[   Elf:1 ?[

Portals:
Hell: Lair:6

Annotations:
D:13 Frances


Innate Abilities, Weirdness & Mutations

You cannot wear armour.
You are incapable of wielding weapons or throwing items.
Your paws allow you to move quietly. (Stealth)
You have sharp claws.
You have razor-sharp teeth.
You have supernaturally acute eyesight. (SInv)
You are carnivorous and can eat meat at any time.
You cover ground quickly.
Your thick and shaggy fur keeps you warm. (AC +3, rC+)
You have a slow metabolism.
Your sharp claws are effective at attacking unaware monsters.
You are frail. (-10% HP)


Message History

Your claw misses the halberd of freezing.
The halberd of freezing is lightly damaged.
The halberd of freezing completely misses you.
Casting: Confusing Touch
Confirm with . or Enter, or press ? or * to list all spells.
You blink.
The halberd of freezing hits you from afar!
The halberd of freezing freezes you.
The deep elf archer unwields an uncursed dagger of venom.
It stops dripping with poison.
The deep elf archer wields an uncursed longbow.
The deep elf archer shoots an arrow.
The arrow hits you!!
* * * LOW HITPOINT WARNING * * *
You feel much better.
The halberd of freezing hits you from afar!!
* * * LOW HITPOINT WARNING * * *
The halberd of freezing freezes you.
* * * LOW HITPOINT WARNING * * *
The deep elf archer shoots an arrow.
The arrow hits you!!
You die...

+.........'..........#
#.........#.....##...##
##.......'#>.....####'##
+#.....##........####.#####
##...##..........# ##'...##
##+##...[..(....####.....#
#....)♣..e..'..'.....#
#.....).....####.....#
#....@......# ##...+#
##.........## ##'##
#+......†'## #.#
##.<...##.## #.# ..
###'#####.## #.## ... #.#
##.## #..# ...# #.#
##.###'.# ..# #.# ##e#..8##
#####'## ##.)...#


You could see a deep elf archer and a halberd of freezing.

Vanquished Creatures
  An orc warlord (Orc:2)
  Snorg (D:10)
  An ettin (Orc:1)
  A yaktaur captain (D:15)
  Erolcha (D:9)
  A fire dragon (Volcano)
  A vault guard (D:14)
  9 hydras
  Erica (D:9)
  A death knight (D:15)
  2 centaur warriors (D:15)
  3 orc high priests (Orc:2)
  A sun demon (Lair:4)
  Urug (D:10)
  Nergalle (D:9)
  A wizard (Lair:6)
  An unseen horror (D:12)
  4 orc knights
  5 hill giants
  4 deep elf magi
  8 ugly things
  A salamander (Volcano)
  2 manticores
  2 orc sorcerers (Orc:2)
  3 cyclopes
  4 elephants
  A centaur zombie (D:15)
  7 black mambas
  A smoke demon (Lair:6)
  Psyche (D:7)
  A gargoyle (D:13)
  3 ice statues (IceCv)
  10 spiny frogs
  3 orange demons (Lair:6)
  11 rime drakes
  8 komodo dragons
  A yaktaur (D:15)
  A hellwing (Lair:6)
  A freezing wraith (D:14)
  5 ice devils
  3 polar bears (Lair:4)
  3 red devils (Lair:6)
  A queen bee (Lair:2)
  6 trolls
  4 slime creatures (D:15)
  3 harpy zombies
  3 two-headed ogres
  16 hippogriffs
  19 blink frogs
  A blink frog (shapeshifter) (Elf:1)
  A redback (Lair:3)
  12 wyverns
  A vampire (D:14)
  3 wraiths
  25 yaks
  Grum (D:9)
  9 fire bats (Volcano)
  7 hungry ghosts
  2 steam dragons (Volcano)
  10 basilisks
  2 mottled dragons (Volcano)
  6 swamp worms (Lair:4)
  4 wargs
  20 water moccasins
  9 porcupines
  Duvessa (D:5)
  2 hell hounds
  29 orc warriors
  A hornet zombie (D:12)
  9 ice beasts
  3 sky beasts
  2 black bears
  A necrophage (D:10)
  2 phantoms
  The ghost of tof the Twirler, an amateur DsGl (D:3)
  17 wolves
  17 ogres
  7 centaurs
  21 crocodiles
  A big kobold (D:9)
  25 bullfrogs
  A gnoll sergeant (D:7)
  2 wyvern zombies
  A wyvern skeleton (D:14)
  6 scorpions
  Dowan (D:5)
  34 killer bees
  6 howler monkeys
  8 wights
  2 electric eels (Lair:4)
  2 bullfrog zombies (D:13)
  5 crimson imps
  3 jellies
  9 hounds
  14 orc wizards
  18 orc priests
  4 bullfrog skeletons
  5 centaur skeletons
  2 iguanas
  8 worker ants
  A hound skeleton (D:6)
  Robin (D:3)
  A worker ant zombie (D:8)
  11 gnolls
  18 adders
  4 shadow imps
  2 worms (D:4)
  4 dart slugs
  5 leopard geckos
  106 orcs
  18 bats
  4 giant cockroaches
  14 goblins
  7 hobgoblins
  7 jackals
  8 quokkas
  A ball python (D:2)
  6 frilled lizards
  13 kobolds
  A leopard gecko skeleton (D:5)
  A quokka skeleton (D:6)
  A quokka zombie (D:7)
  8 rats
  3 fungi (Orc:2)
  8 plants
809 creatures vanquished.

Vanquished Creatures (collateral kills)
  An orc warlord (D:11)
  The ghost of Trampli the Carver, a journeyman FoFi of Makhleb (Orc:1)
  A dancing weapon (Elf:1)
  An orc high priest (Orc:2)
  A deep elf knight (Elf:1)
  A deep elf mage (Elf:1)
  3 orc knights
  3 orc sorcerers (Orc:2)
  4 trolls
  A hippogriff (D:11)
  10 orc warriors
  A swamp drake (Orc:1)
  4 ogres
  A killer bee (Lair:2)
  4 orc priests
  An iron imp (Orc:1)
  4 orc wizards (Orc:1)
  A white imp (Orc:1)
  18 orcs
61 creatures vanquished.

Vanquished Creatures (others)
  A deep elf knight (Elf:1)
  2 wyverns (Volcano)
  A steam dragon (Volcano)
  A gnoll (D:7)
  4 orcs
  36 fungi
  52 plants
97 creatures vanquished.

Grand Total: 967 creatures vanquished

Notes
Turn   | Place    | Note
-------+----------+-------------------------------------------
     0 | D:1      | equalderp2856 the Felid Fighter began the quest for the Orb.
     0 | D:1      | Reached XP level 1. HP: 10/10 MP: 2/2
   193 | D:1      | Found an iron altar of Okawaru.
   300 | D:1      | Reached XP level 2. HP: 12/14 MP: 3/3
  1577 | D:3      | Reached skill level 1 in Stealth
  1588 | D:3      | Noticed tof's ghost (amateur DsGl)
  1588 | D:3      | Reached XP level 3. HP: 17/17 MP: 4/4
  1770 | D:3      | Noticed Robin
  1924 | D:2      | Reached skill level 2 in Stealth
  2462 | D:2      | Reached XP level 4. HP: 21/21 MP: 5/5
  2746 | D:2      | Reached skill level 5 in Unarmed Combat
  3734 | D:2      | Reached skill level 3 in Stealth
  3734 | D:2      | Reached XP level 5. HP: 19/24 MP: 6/6
  4336 | D:4      | Reached skill level 5 in Dodging
  4404 | D:4      | Reached skill level 4 in Stealth
  4412 | D:4      | Gained mutation: You are covered in thick fur. (AC +2) [Felid growth]
  4412 | D:4      | Reached XP level 6. HP: 23/28 MP: 7/7
  4510 | D:5      | Entered Level 5 of the Dungeon
  6537 | D:3      | Killed Robin
  6861 | D:4      | HP: 1/28 [ogre/giant spiked club (27)]
  7568 | D:5      | Reached skill level 5 in Stealth
  7917 | D:5      | Noticed a hungry ghost
  7934 | D:5      | Killed a hungry ghost
  7934 | D:5      | Reached XP level 7. HP: 30/31 MP: 8/8
  7975 | D:5      | Found a snail-covered altar of Cheibriados.
  7975 | D:5      | Found a white marble altar of Elyvilon.
  8207 | D:5      | Noticed Duvessa
  8207 | D:5      | Noticed Dowan
  8209 | D:5      | Killed Dowan
  8219 | D:5      | Killed Duvessa
  9031 | D:5      | Reached skill level 6 in Stealth
  9031 | D:5      | Reached XP level 8. HP: 31/36 MP: 9/9
  9461 | D:6      | Found Myquh's Antique Armour Shop.
  9998 | D:6      | Found Miqahedi's General Store.
 10224 | D:6      | Found Cipnuaf's Antique Armour Emporium.
 10505 | D:6      | Found a shimmering altar of Xom.
 10517 | D:6      | Found Akoc's Distillery.
 10530 | D:6      | Bought a potion of curing for 42 gold pieces
 10530 | D:6      | Bought a potion of heal wounds for 70 gold pieces
 10685 | D:6      | Found a sparkling altar of Nemelex Xobeh.
 10910 | D:6      | Reached skill level 7 in Stealth
 11871 | D:6      | Learned a level 1 spell: Magic Dart
 11874 | D:6      | Learned a level 2 spell: Call Imp
 11877 | D:6      | Learned a level 2 spell: Repel Missiles
 11880 | D:6      | Learned a level 2 spell: Blink
 12166 | D:7      | Found a staircase to the Ecumenical Temple.
 12266 | D:7      | Reached skill level 10 in Unarmed Combat
 12474 | D:7      | Reached skill level 1 in Translocations
 12524 | D:7      | Reached XP level 9. HP: 39/39 MP: 10/10
 13140 | D:8      | Noticed Psyche
 13342 | D:8      | Found a shimmering altar of Xom.
 13810 | D:7      | Reached skill level 8 in Stealth
 14474 | D:7      | Reached skill level 1 in Spellcasting
 14809 | D:7      | Killed Psyche
 14809 | D:7      | Reached skill level 1 in Conjurations
 16122 | D:9      | Learned a level 1 spell: Confusing Touch
 16124 | D:9      | Learned a level 1 spell: Summon Small Mammal
 16127 | D:9      | Learned a level 2 spell: Slow
 16350 | D:9      | Noticed Erica
 16353 | D:9      | Found a staircase to the Lair.
 16798 | D:8      | Reached XP level 10. HP: 24/43 MP: 12/14
 17506 | D:9      | Found Soedd's Food Emporium.
 17579 | D:9      | Noticed Grum
 17580 | D:9      | Reached skill level 9 in Stealth
 17836 | D:9      | Noticed Erolcha
 18090 | D:9      | Reached skill level 1 in Hexes
 18122 | D:9      | Killed Grum
 19433 | D:10     | Entered Level 10 of the Dungeon
 19446 | D:10     | Found a hide-covered altar of Uskayaw.
 19446 | D:10     | Noticed Urug
 19613 | D:10     | Noticed Nergalle
 20719 | D:8      | Reached skill level 5 in Fighting
 20829 | Lair:1   | Entered Level 1 of the Lair of Beasts
 21149 | Lair:1   | Noticed a spiny frog
 21153 | Lair:1   | Killed a spiny frog
 23673 | Lair:2   | Reached XP level 11. HP: 45/52 MP: 17/17
 23902 | Lair:2   | Reached skill level 1 in Summonings
 25737 | Lair:2   | Reached skill level 10 in Stealth
 26080 | Lair:2   | Reached skill level 5 in Translocations
 26781 | Lair:3   | Reached skill level 5 in Hexes
 26856 | Lair:3   | Found a dark tunnel.
 26866 | Volcano  | Entered a volcano
 27788 | Volcano  | Reached skill level 5 in Spellcasting
 27864 | Volcano  | Reached skill level 11 in Stealth
 28257 | Volcano  | Noticed a fire dragon
 28566 | Volcano  | Gained mutation: Your thick and shaggy fur keeps you warm. (AC +3, rC+) [Felid growth]
 28566 | Volcano  | Reached XP level 12. HP: 56/56 MP: 21/21
 28754 | Volcano  | Killed a fire dragon
 29276 | Lair:3   | Reached skill level 1 in Charms
 29483 | Lair:3   | Found a hole to the Spider Nest.
 30552 | Lair:4   | Reached skill level 12 in Stealth
 31424 | Lair:4   | Found a staircase to the Swamp.
 31851 | Lair:4   | Reached skill level 13 in Stealth
 32857 | Lair:5   | Noticed an eight-headed hydra
 33116 | Lair:5   | Noticed a catoblepas
 33388 | Lair:5   | Reached XP level 13. HP: 55/59 MP: 25/25
 34738 | Lair:6   | Entered Level 6 of the Lair of Beasts
 34967 | Lair:6   | Found a staircase to the Slime Pits.
 36090 | Lair:5   | Reached skill level 10 in Hexes
 37116 | Lair:6   | Reached skill level 14 in Stealth
 39062 | Lair:6   | Found a burning altar of Makhleb.
 40121 | Lair:6   | Reached XP level 14. HP: 9/63 MP: 7/27
 42063 | Lair:6   | Found a gateway to Hell.
 43839 | D:9      | Killed Erolcha
 43897 | D:9      | Killed Erica
 44691 | D:3      | Killed tof's ghost
 45094 | Temple   | Entered the Ecumenical Temple
 45555 | D:7      | Reached skill level 10 in Dodging
 45966 | D:9      | Killed Nergalle
 46057 | D:10     | Noticed Snorg
 46062 | D:10     | Killed Snorg
 46152 | D:10     | Killed Urug
 48377 | D:11     | Found a staircase to the Orcish Mines.
 48574 | D:11     | Found Rayzil's Food Shop.
 49053 | D:12     | Found a frozen archway.
 49070 | IceCv    | Entered an ice cave
 50809 | D:12     | Found Didd's Book Boutique.
 51671 | D:12     | Reached skill level 5 in Summonings
 53022 | D:13     | Noticed Frances
 55176 | D:14     | Found a gate to the Vaults.
 55321 | D:15     | Entered Level 15 of the Dungeon
 55381 | D:15     | Reached skill level 15 in Stealth
 55449 | D:15     | Found Dudit's General Store.
 55904 | D:15     | Reached skill level 10 in Spellcasting
 56373 | D:15     | Reached XP level 15. HP: 56/69 MP: 30/30
 56539 | D:15     | Found a staircase to the Depths.
 56594 | D:15     | Shot with a bolt by a yaktaur captain
 56595 | D:15     | Reached XP level 14. HP: -18/65 MP: 0/47
 56679 | Depths:1 | Entered Level 1 of the Depths
 56679 | Depths:1 | Noticed a red very ugly thing
 56679 | Depths:1 | Noticed a white very ugly thing
 56679 | Depths:1 | Noticed a white very ugly thing
 56679 | Depths:1 | Noticed a white very ugly thing
 56681 | Depths:1 | Noticed a red very ugly thing
 57423 | D:15     | Bought a scroll of identify for 26 gold pieces
 58644 | D:12     | Learned a level 3 spell: Confuse
 58953 | D:11     | Learned a level 5 spell: Summon Mana Viper
 59271 | Orc:1    | Entered Level 1 of the Orcish Mines
 59278 | Orc:1    | Reached skill level 10 in Fighting
 59286 | Orc:1    | Noticed Trampli's ghost (journeyman FoFi)
 59301 | Orc:1    | Found Plog's Book Boutique.
 59317 | Orc:1    | Killed Trampli's ghost
 59589 | Orc:1    | Noticed an orc warlord
 59644 | Orc:1    | Found Zusenoy's Magic Scroll Boutique.
 60425 | D:11     | Killed an orc warlord
 61328 | Orc:1    | Found Voishuos's Jewellery Boutique.
 61537 | Orc:2    | Entered Level 2 of the Orcish Mines
 61540 | Orc:2    | Found Xut Bijyi's Antique Armour Shoppe.
 62392 | Orc:2    | Found a staircase to the Elven Halls.
 62942 | Orc:2    | Found Nirha's General Store.
 62968 | Orc:2    | Gained mutation: You are frail. (-10% HP) [a neqoxec]
 63184 | Orc:2    | Noticed an orc warlord
 63227 | Orc:2    | Killed an orc warlord
 63662 | Orc:2    | Found Xoal Asoiz's Book Boutique.
 63774 | Orc:2    | Found Vasmetyz's Antique Weapon Emporium.
 64439 | Elf:1    | Entered Level 1 of the Elven Halls
 64773 | Elf:1    | Found Geazoo's Armour Shoppe.
 64873 | Elf:1    | Found Qanocuw's Magic Scroll Shoppe.
 64889 | Elf:1    | Bought a scroll of blinking for 120 gold pieces
 64889 | Elf:1    | Bought a scroll of magic mapping for 56 gold pieces
 64889 | Elf:1    | Bought a scroll of identify for 32 gold pieces
 64996 | Elf:1    | HP: 2/59 [halberd of freezing (26)]
 64996 | Elf:1    | Slain by a halberd of freezing
 64997 | Elf:1    | Reached XP level 13. HP: 0/55 MP: 0/46
 65012 | Elf:1    | Shot with an arrow by a deep elf archer

Skill      XL: |  1  2  3  4  5  6  7  8  9 10 11 12 13 14 |
---------------+-------------------------------------------+-----
Stealth        | 1 2 3 4 5 6 7 8 9 11 13 14 15 | 15.3
Unarmed Combat | 5 7 8 10 11 12 13 14 | 14.4
Dodging        | 5 6 7 8 9 10 | 10.3
Fighting       | 4 8 10 | 10.5
Translocations | 1 2 7 8 |  8.4
Spellcasting   | 2 3 5 7 8 10 | 10.6
Conjurations   | 1 2 |  2.6
Hexes          | 2 5 8 11 13 | 13.6
Summonings     | 1 2 7 |  7.4
Charms         | 1 |  1.4
Air Magic      | |  0.3
Evocations     | |  0.2

Action                   |  1- 3 |  4- 6 |  7- 9 | 10-12 | 13-15 || total
-------------------------+-------+-------+-------+-------+-------++-------
Melee: Unarmed           |   111 |   221 |   327 |   880 |  1872 ||  3411
       Bite              |     7 |    23 |    31 |   122 |   282 ||   465
       Punch             |       |     6 |    12 |    37 |   125 ||   180
 Cast: Blink             |       |       |     5 |    20 |    20 ||    45
       Magic Dart        |       |       |    26 |   101 |    56 ||   183
       Confusing Touch   |       |       |     1 |   164 |   300 ||   465
       Call Imp          |       |       |       |    14 |    64 ||    78
       Summon Small Mamm |       |       |       |     3 |     8 ||    11
       Slow              |       |       |       |    84 |   285 ||   369
       Repel Missiles    |       |       |       |     2 |    10 ||    12
       Summon Mana Viper |       |       |       |       |    75 ||    75
       Confuse           |       |       |       |       |    36 ||    36
Evoke: Wand              |       |       |       |     4 |       ||     4
  Use: Scroll            |       |     5 |     8 |     9 |    10 ||    32
       Potion            |       |     1 |     3 |     3 |     6 ||    13
 Stab: Sleeping          |     5 |     1 |    14 |    29 |    43 ||    92
       Distracted        |       |     1 |     1 |       |     5 ||     7
       Confused          |       |       |     1 |    91 |   190 ||   282
  Eat: Chunk             |    10 |     8 |    12 |    43 |    54 ||   127
       Pizza             |       |       |     2 |       |     2 ||     4
       Beef jerky        |       |       |     2 |       |     7 ||     9
       Royal jelly       |       |       |       |       |     5 ||     5
Armor: Skin              |    11 |    11 |    11 |    12 |    45 ||    90
Dodge: Dodged            |    86 |   172 |   265 |   671 |  1236 ||  2430
       Deflected         |       |       |       |     3 |    24 ||    27
